 Dungeon Crawl Stone Soup version 0.30-a0-169-g06f667207d (webtiles) character file.

Game seed: 7615979587303070089

108 qw the Chopper (level 4, -2/28 HPs)
             Began as a Gargoyle Fighter on Sept 29, 2022.
             Slain by a gnoll
             ... wielding a +0 spear
              (4 damage)
             ... on level 2 of the Dungeon.
             The game lasted 00:00:38 (1698 turns).

qw the Chopper (Gargoyle Fighter)                   Turns: 1698, Time: 00:00:39

Health: -2/28      AC: 12    Str: 21    XL:     4   Next: 87%
Magic:  4/4        EV:  7    Int:  9    God:
Gold:   141        SH:  4    Dex:  9    Spells: 3/3 levels left

rFire   . . .      SeeInvis .    Y - +0 war axe
rCold   . . .      Faith    .    c - +0 buckler
rNeg    + . .      Spirit   .    g - +0 chain mail
rPois   inf        Reflect  .    (no helmet)
rElec   +          Harm     .    (no cloak)
rCorr   .          Rampage  .    (no gloves)
Will    .....                    (no boots)
Stlth   ..........               (no amulet)
HPRegen 0.09/turn                (no ring)
MPRegen 0.09/turn                (no ring)

@: no status effects
A: sickness immunity, AC +3, negative energy resistance 1, electricity
resistance, torment resistance 1, petrification resistance
a: no special abilities


You were on level 2 of the Dungeon.
You visited 1 branch of the dungeon, and saw 2 of its levels.

You collected 141 gold pieces.


Innate Abilities, Weirdness & Mutations

You are immune to sickness and miasma.
Your stone body is resilient. (AC +3)
You are immune to poison.
You resist negative energy. (rN+)
You are resistant to electric shocks. (rElec)
You are resistant to unholy torment.
You are immune to petrification.


   Skills:
 - Level 3.2 Fighting
 + Level 4.4 Axes
 - Level 3.2 Armour
 - Level 3.2 Shields


You had 3 spell levels left.
You didn't know any spells.
Your spell library was empty.

Inventory:

Hand Weapons
 i - a +0 mace
 Y - a +0 war axe (weapon)
Armour
 c - a +0 buckler (worn)
 e - the +5 scale mail of Zudgheg {rN+ MP+9 Dex+3 SInv}
   (You found it on level 2 of the Dungeon)

   Dex:       It affects your dexterity (+3).
   rN:        It protects you from negative energy.
   MP:        It affects your magic capacity (+9).
   SInv:      It lets you see invisible.
 g - a +0 chain mail (worn)
Scrolls
 a - a scroll of identify
 b - a scroll of brand weapon {unknown}
 j - a scroll of blinking {unknown}
 k - a scroll of noise {unknown}
Potions
 d - a potion of might
 f - a potion of mutation {unknown}
 h - a potion of flight {unknown}
 l - a potion of lignification {unknown}

Dungeon Overview and Level Annotations

Branches:
Dungeon (2/15)

Altars:

Shops:
D:1 *


Message History

1686 ||| Stepping ~*~*~tactically~*~*~ (stealth).
The gnoll shouts! x2; You hear a shout!
You hear an angry hiss.
You hear a bark!
1687 ||| Stepping ~*~*~tactically~*~*~ (hiding).
An adder comes into view.
A jackal comes into view.
The gnoll hits you from afar with a +0 spear.
The jackal barks!
The gnoll barely misses you.
Things that are here:
a +0 spear; 7 gold pieces You completely miss the gnoll.
The gnoll hits you with a +0 spear.
You slash the gnoll!
The gnoll is severely wounded.
The gnoll hits you but does no damage. The gnoll barely misses you.
You closely miss the gnoll.
The gnoll is severely wounded.
You block the gnoll's attack.
A jackal comes into view.
You block the gnoll's attack.
An endoplasm comes into view.
The gnoll hits you from afar with a +0 spear.
The jackal moves out of view.
You hit the gnoll.
You kill the gnoll!
You slash the gnoll!
The gnoll hits you from afar with a +0 spear.
The gnoll hits you with a +0 flail!
You completely miss the gnoll.
The gnoll is severely wounded.
The gnoll hits you from afar with a +0 spear.
The gnoll barely misses you.
You slash the gnoll!
You kill the gnoll!
The gnoll hits you from afar with a +0 spear!
The adder bites you but does no damage. The gnoll barely misses you.
You closely miss the adder. The adder bites you but does no damage.
The gnoll hits you from afar with a +0 spear.
You die...

.....................
..#####.##.##########
#.##.# #. #.##.# ###.###
.. #.##.# #......
..P.######.##.## #......
....>..........# #......
......#........# #....
..... #@##.#...#####....
.....gS)...#............
.#....#.#####..#####.#.#
#....#.# #..# #.#.#
.......#.# #..# #.#.#
.#.#....#.#####..# #....
.................#####...#
............####.##.......
.......##...# #.##.##.#.#


You could see a gnoll and an adder.

Vanquished Creatures
  Jessica (D:2)
  3 gnolls (D:2)
  An adder (D:2)
  4 dart slugs
  4 bats (D:1)
  2 endoplasms (D:1)
  A giant cockroach (D:2)
  4 goblins
  3 hobgoblins
  2 quokkas
  5 ball pythons
  2 frilled lizards (D:1)
  3 kobolds (D:1)
  3 rats
38 creatures vanquished.

Vanquished Creatures (others)
  12 plants (D:2)
12 creatures vanquished.

Grand Total: 50 creatures vanquished

Notes
Turn   | Place    | Note
-------+----------+-------------------------------------------
     0 | D:1      | qw the Gargoyle Fighter began the quest for the Orb.
     0 | D:1      | Reached XP level 1. HP: 14/14 MP: 1/1
     0 | D:1      | 0 ||| qw: Version: 0.2-a-12-gaebbb33
     0 | D:1      | 0 ||| qw: Game counter: 1300
     0 | D:1      | 0 ||| qw: Always use a shield: true
     0 | D:1      | 0 ||| qw: God list: Okawaru
     0 | D:1      | 0 ||| qw: Allow faded altars: false
     0 | D:1      | 0 ||| qw: Do Orc after D:15 true
     0 | D:1      | 0 ||| qw: Do second Lair branch before Depths: true
     0 | D:1      | 0 ||| qw: Lair rune preference: random
     0 | D:1      | 0 ||| qw: Plans: Normal, Zot:1-4, God:TSO, Crypt, Tomb,
                  | Pan, Slime:5, Hells, Abyss, Orb
     0 | D:1      | 0 ||| PLANNING D:1-11
    47 | D:1      | Reached skill level 2 in Axes
    52 | D:1      | 52 ||| Stepping ~*~*~tactically~*~*~ (stealth).
    66 | D:1      | Found Uloest's General Store.
    73 | D:1      | 73 ||| SHOPLISTING +5 scale mail "Ycsom" {+Blink rC+ MP+9}
                  | (689 gold, have 0).
    73 | D:1      | 73 ||| SHOPLISTING potion of might (40 gold, have 0).
    73 | D:1      | 73 ||| SHOPLISTING scroll of enchant weapon (75 gold, have
                  | 0).
    73 | D:1      | 73 ||| SHOPLISTING scroll of identify (20 gold, have 0).
    89 | D:1      | Reached XP level 2. HP: 19/19 MP: 2/2
   111 | D:1      | 111 ||| DROPPING +0 club.
   388 | D:1      | Reached skill level 3 in Axes
   401 | D:1      | 401 ||| Stepping ~*~*~tactically~*~*~ (stealth).
   401 | D:1      | Noticed a great orb of eyes
   402 | D:1      | 402 ||| Stepping ~*~*~tactically~*~*~ (stealth).
   409 | D:1      | Reached XP level 3. HP: 23/23 MP: 3/3
   512 | D:1      | Noticed an eye of devastation
   514 | D:1      | Found a faded altar of an unknown god.
   516 | D:1      | Noticed a floating eye
   516 | D:1      | Noticed a floating eye
   522 | D:1      | 522 ||| Stepping ~*~*~tactically~*~*~ (stealth).
   751 | D:1      | 751 ||| UPGRADING to +0 chain mail.
   761 | D:1      | 761 ||| DROPPING +0 scale mail.
   762 | D:1      | 762 ||| READING scroll labelled LAUMEH DAMAU.
   811 | D:1      | 811 ||| READING scroll labelled RUFOGG HUOCUTZ.
   985 | D:2      | Identified the +5 scale mail of Zudgheg {rN+ MP+9 Dex+3
                  | SInv}
  1059 | D:2      | 1059 ||| Stepping ~*~*~tactically~*~*~ (hiding).
  1159 | D:2      | 1159 ||| Stepping ~*~*~tactically~*~*~ (hiding).
  1502 | D:2      | Noticed Jessica
  1503 | D:2      | 1503 ||| Stepping ~*~*~tactically~*~*~ (hiding).
  1505 | D:2      | 1505 ||| Stepping ~*~*~tactically~*~*~ (hiding).
  1509 | D:2      | 1509 ||| Stepping ~*~*~tactically~*~*~ (hiding).
  1514 | D:2      | 1514 ||| Stepping ~*~*~tactically~*~*~ (hiding).
  1516 | D:2      | Killed Jessica
  1517 | D:2      | Reached skill level 4 in Axes
  1517 | D:2      | Reached XP level 4. HP: 22/28 MP: 4/4
  1666 | D:2      | 1666 ||| Stepping ~*~*~tactically~*~*~ (stealth).
  1668 | D:2      | 1668 ||| Stepping ~*~*~tactically~*~*~ (stealth).
  1670 | D:2      | 1670 ||| Stepping ~*~*~tactically~*~*~ (hiding).
  1683 | D:2      | 1683 ||| Stepping ~*~*~tactically~*~*~ (stealth).
  1686 | D:2      | 1686 ||| Stepping ~*~*~tactically~*~*~ (stealth).
  1687 | D:2      | 1687 ||| Stepping ~*~*~tactically~*~*~ (hiding).
  1697 | D:2      | HP: 2/28 [gnoll/+0 spear (7)]
  1698 | D:2      | Slain by a gnoll

Levels and vault maps discovered:
D:1:      noname_arrival_rooms_in_the_neighbourhood, layout_basic, serial_shops,
          shop, hellmonk_ecumenical_altar_watching_god
D:2:      layout_basic, nicolae_grassy_gnolls, uniq_jessica

Skill      XL: |  1  2  3 |
---------------+----------+-----
Axes           | 2 3 4 |  4.4
Fighting       | |  3.2
Armour         | |  3.2
Shields        | |  3.2

Action                   |  1- 3 |  4- 6 || total
-------------------------+-------+-------++-------
Melee: War axe           |   106 |    20 ||   126
  Use: Scroll            |     2 |       ||     2
Armor: Scale mail        |    34 |       ||    34
       Chain mail        |    16 |    14 ||    30
Dodge: Dodged            |    45 |     7 ||    52
Block: Buckler           |    14 |     5 ||    19

Table legend:
 A = Non-vault XP
 B = Vault XP
 C = Vault XP percentage of total XP
 D = Non-vault monster count
 E = Vault monster count
 F = Vault count percentage of total count
                 A         B        C        D         E       F
            +---------+---------+-------+---------+---------+-------
      Total |      76 |      79 |  51.0 |      34 |       4 |  10.5
            +---------+---------+-------+---------+---------+-------
        D:1 |      44 |       0 |   0.0 |      25 |       0 |   0.0
        D:2 |      32 |      79 |  71.2 |       9 |       4 |  30.8
            +---------+---------+-------+---------+---------+-------
